 Dungeon Crawl Stone Soup version 0.32-a0-918-g0f22ef8d61 (webtiles) character file.

Game seed: 10647329007159319825

934 croobank the Covert (level 7, -4/39 HPs)
             Began as a Felid Delver on Apr 11, 2024.
             Was an Initiate of Kikubaaqudgha.
             Killed by divine providence
             ... invoked by an orc priest
              (15 damage)
             ... on level 5 of the Dungeon.
             The game lasted 00:13:38 (4585 turns).

croobank the Covert (Felid Delver)                  Turns: 4585, Time: 00:13:38

Health: -4/39      AC:  2    Str:  8    XL:     7   Next: 86%
Magic:  10/10      EV: 19    Int: 16    God:    Kikubaaqudgha [......]
Gold:   158        SH:  5    Dex: 17    Spells: 8/8 levels left
                                        Lives:  0   Deaths: 2

rFire   . .          .
                       - Unarmed
rCold   . . .        (shield unavailable)
rNeg    . . .        (body armour unavailable)
rPois   .            (helmet unavailable)
rElec   .            (cloak unavailable)
rCorr   .            (gloves unavailable)
SInv    +            (boots unavailable)
Will    +....        l - amulet of reflection
Stlth   ++++         (no ring)
HPRegen 0.26/turn    (no ring)
MPRegen 0.12/turn

%: reflection
@: hasted, very quick
A: very small, claws 1, fangs 3, see invisible, shaggy fur 2, stealthy paws, no
weapons or thrown items, no armour, multi-lived
a: Renounce Religion


You were on level 5 of the Dungeon.
You worshipped Kikubaaqudgha.
Kikubaaqudgha was noncommittal.
You visited 1 branch of the dungeon, and saw 6 of its levels.

You collected 158 gold pieces.

Inventory:

Jewellery
 a - a ring of ice
 l - an amulet of reflection (around neck)
Talismans
 o - a serpent talisman
Wands
 e - a wand of digging (2)
 p - a wand of flame (25)
Scrolls
 b - a scroll of revelation
 c - a scroll of noise {unknown}
 f - 4 scrolls of identify
 i - a scroll of amnesia
 k - a scroll of silence {unknown}
 q - a scroll of enchant weapon {unknown}
Potions
 d - a potion of degeneration
 g - 2 potions of attraction
 h - a potion of haste
 m - 2 potions of curing


   Skills:
 + Level 5.2 Fighting
 + Level 6.2 Dodging
 + Level 9.0 Stealth
 + Level 4.6 Unarmed Combat
 + Level 1.3 Spellcasting
 + Level 1.4 Necromancy


You had 8 spell levels left.
You didn't know any spells.
Your spell library contained the following spells:

 Spells                   Type           Power      Damage    Failure   Level
 Necrotise                Necr           20%        1d5       12%         1
 Apportation              Tloc           2%         N/A       22%         1
 Sting                    Conj/Alch      4%         1d3       22%         1
 Summon Small Mammal      Summ           4%         N/A       22%         1
 Jinxbite                 Hex            2%         N/A       32%         2
 Anguish                  Hex/Necr       1%         N/A       86%         4
 Cause Fear               Hex            0%         N/A       91%         4
 Yara's Violent Unravell  Hex/Alch       0%         3d3       99%         5
 Enfeeble                 Hex            0%         N/A       100%        7


Dungeon Overview and Level Annotations

Branches:
Dungeon (6/15)
 Temple: D:4-7

Altars:
Kikubaaqudgha
Makhleb

Annotations:
D:2 1 runed translucent door, Crazy Yiuf


Innate Abilities, Weirdness & Mutations

You have sharp claws.
You have razor-sharp teeth.
You have supernaturally acute eyesight. (SInv)
You are covered in thick fur. (AC +2)
Your paws help you pounce on unaware monsters.
You are incapable of wielding weapons or throwing items.
You cannot wear armour.
You gain extra lives every three experience levels.


Message History

Your Stealth skill increases to level 9!
No target in view!
Magic restored.
An orc priest is nearby!
There is an open door here.
You close the door.
You start resting.
An orc priest opens the door.
It is wielding a +0 flail.
The orc priest shouts!
The orc priest mumbles some strange prayers to Beogh against you.
Beogh smites you!
There is an open door here.
You closely miss the orc priest.
The orc priest calls down the wrath of Beogh upon you.
Pain shoots through your body!
* * * LOW HITPOINT WARNING * * *
You scratch the orc priest but do no damage.
Your bite misses the orc priest.
You scratch the orc priest but do no damage.
The orc priest closely misses you.
Aiming: Quicksilver Bolt
Press: ? - help, Shift-Dir - straight line, f - orc priest
Aim: an orc priest, wielding a +0 flail and wearing a +0 leather armour (71% to hit)
The bolt of dispelling energy hits the orc priest.
The orc priest is heavily wounded.
The now-empty wand crumbles to dust.
The orc priest barely misses you.
An orc priest is nearby!
Okay, then.
Okay, then.
Aiming: Throw Flame
Press: ? - help, Shift-Dir - straight line, f/p - orc priest
Aim: an orc priest, wielding a +0 flail and wearing a +0 leather armour (heavily wounded, 68% to hit)
The puff of flame hits the orc priest but does no damage.
The orc priest is heavily wounded.
You block the orc priest's attack.
You feel yourself speed up.
The orc priest invokes the aid of Beogh against you.
Beogh smites you!
You die...
Kikubaaqudgha rasps: You have failed me!
Welcome... death!

*,***,* #.......^.....##.#
******,***,*##....####.###.##.#
*,,,,,,,,,,,....?** #.###.##.#
*,**,*,*,,,*,...,* #........#
*,*#.#.*,,,**...** ######.###
*,*#...,,,,**#.#* #.#
*,*#...,,,,* #.# #.#
*,*#..#**,,* #o# #.#
*,##..###,,*##@## #.#
*,,.....,,,##...## #.#
**###.###*##.....## ####.#
#.....###.......## ##.##.#
#####.###.##.........####...#.#
......# #.†+.........'........#
#.###.###.##.........####...#.#
#.# #.....###.......## ##.##.#
#.# #.###.# ##.....## ###..#


You could see an orc priest.

Vanquished Creatures
  Grinder (D:4)
  3 ice beasts
  A phantom (D:5)
  A bombardier beetle (D:4)
  A gnoll bouda (D:4)
  A hound (D:5)
  An iguana (D:5)
  2 orc wizards
  7 gnolls
  6 adders
  2 ribbon worms (D:3)
  2 dart slugs
  8 orcs
  8 bats
  10 endoplasms
  4 giant cockroaches
  9 hobgoblins
  2 quokkas
  10 ball pythons
  3 frilled lizards (D:2)
  7 goblins
  4 kobolds
  8 rats
101 creatures vanquished.

Notes
Turn   | Place    | Note
-------+----------+-------------------------------------------
     0 | D:5      | croobank the Felid Delver began the quest for the Orb.
     0 | D:5      | Reached XP level 1. HP: 12/12 MP: 2/2
     9 | D:6      | Noticed a hound
     9 | D:6      | Noticed a phantom
    68 | D:5      | Noticed a hound
    75 | D:5      | Killed a hound
    76 | D:5      | Reached XP level 2. HP: 16/16 MP: 3/3
    97 | D:5      | Noticed a phantom
   107 | D:5      | Found a burning altar of Makhleb.
   187 | D:4      | Noticed a bombardier beetle
   190 | D:4      | Killed a bombardier beetle
   191 | D:4      | Reached skill level 7 in Stealth
   191 | D:4      | Reached XP level 3. HP: 20/20 MP: 4/4
   213 | D:4      | Reached XP level 4. HP: 10/24 MP: 5/5
   213 | D:4      | Gained a life (2 lives remaining)
   322 | D:4      | Noticed Grinder
   335 | D:4      | Killed Grinder
   336 | D:4      | Reached XP level 5. HP: 24/29 MP: 6/6
   381 | D:3      | Gained mutation: You are covered in thick fur. (AC +2)
                  | [Felid growth]
   381 | D:3      | Reached XP level 6. HP: 33/33 MP: 7/7
   400 | D:3      | Found a faded altar of an unknown god.
   535 | D:2      | Reached skill level 8 in Stealth
   985 | D:1      | Noticed a swamp drake
   985 | D:1      | Noticed a redback
   988 | D:1      | Noticed a lindwurm
  1464 | D:2      | Reached skill level 5 in Dodging
  1586 | D:2      | Found a runed translucent door.
  1587 | D:2      | Noticed Crazy Yiuf
  2242 | D:3      | Noticed an ice beast
  2300 | D:3      | Killed an ice beast
  2383 | D:3      | Noticed an ice beast
  2396 | D:3      | Killed an ice beast
  2397 | D:3      | Reached XP level 7. HP: 37/38 MP: 8/8
  2562 | D:3      | Found an ancient bone altar of Kikubaaqudgha.
  2569 | D:3      | Became a worshipper of Kikubaaqudgha
  3959 | D:4      | Slain by a gnoll bouda
  3959 | D:4      | Lost a life (1 life remaining)
  4128 | D:4      | Reached skill level 5 in Fighting
  4283 | D:5      | Reached skill level 1 in Spellcasting
  4283 | D:5      | Reached skill level 1 in Necromancy
  4312 | D:5      | Slain by a gnoll
  4312 | D:5      | Lost a life (0 lives remaining)
  4551 | D:5      | Reached skill level 9 in Stealth
  4585 | D:5      | Killed from afar by an orc priest

Illustrated notes

Levels and vault maps discovered:
D:1:      onia_arrival_zoo_common, layout_loops_cross
D:2:      layout_basic, chequers_serial_rivers_micro_b, uniq_crazy_yiuf_cottage
D:3:      minmay_recursive_quarters, layout_basic,
          mainiacjoe_overflow_cross_hatched, ebering_ecumenical_altar_petrified
D:4:      layout_loops_ring, uniq_grinder
D:5:      layout_loops_corners, old_standard_altar
D:6:      layout_loops_ring, gup_sewer_entry_glass, serial_shops,
          nicolae_diamond_shop, serial_glass, glass_columns_a, glass_columns_b,
          uniq_edmund

Skill      XL: |  1  2  3  4  5  6  7 |
---------------+----------------------+-----
Dodging        | 3 4 5 6 |  6.2
Stealth        | 7 8 9 |  9.0
Fighting       | 4 5 |  5.2
Unarmed Combat | 3 4 |  4.6
Spellcasting   | 1 |  1.3
Necromancy     | 1 |  1.4

Action                     |  1- 3 |  4- 6 |  7- 9 || total
---------------------------+-------+-------+-------++-------
  Melee: Unarmed           |    16 |   154 |   154 ||   324
         Bite              |       |    14 |    20 ||    34
         Punch             |       |     6 |     1 ||     7
  Evoke: Wand              |     1 |     4 |     6 ||    11
    Use: Scroll            |     2 |       |     8 ||    10
         Potion            |     1 |       |     1 ||     2
   Stab: Sleeping          |     2 |    23 |     7 ||    32
         Distracted        |       |       |     1 ||     1
 Armour: Skin              |     6 |    35 |    37 ||    78
  Dodge: Dodged            |    15 |    92 |   106 ||   213
  Block: Other             |       |     6 |    21 ||    27
         Reflection        |       |       |     3 ||     3

Table legend: (Time is in decaauts)
 A = Elapsed time spent in this place.
 B = Non-inter-level travel time spent in this place.
 C = Inter-level travel time spent in this place.
 D = Time resting spent in this place.
 E = Time spent auto-exploring this place.
 F = Levels seen in this place.
 G = Mean time per level.
                   A        B        C        D        E       F      G
               +--------+--------+--------+--------+--------+-----+--------+
         Total |   4544 |   4264 |    280 |    538 |   2667 |   6 |  757.3 |
       Dungeon |   4544 |   4264 |    280 |    538 |   2667 |   6 |  757.3 |
               +--------+--------+--------+--------+--------+-----+--------+

Top non-repeatable levels by time:
     D:3: 1331 daAuts
     D:4: 1049 daAuts
     D:2: 952 daAuts
     D:1: 730 daAuts
     D:5: 470 daAuts
     D:6: 10 daAuts
